 Dungeon Crawl Stone Soup version 0.25.1-1-g288607f5aa (webtiles) character file.

Game seed: 10371798043496489566

17719 Elvor the Warrior (level 12, -2/124 HPs)
             Began as a Minotaur Hunter on July 20, 2020.
             Was a High Priest of Okawaru.
             Slain by a spiny frog (15 damage)
             ... on level 2 of the Lair of Beasts.
             The game lasted 02:49:05 (15073 turns).

Elvor the Warrior (Minotaur Hunter)                Turns: 15073, Time: 02:49:05

Health: -2/124     AC: 20    Str: 18    XL:     12   Next: 21%
Magic:  11/11      EV: 10    Int:  9    God:    Okawaru [*****.]
Gold:   336        SH: 11    Dex: 10    Spells: 6/11 levels left

rFire    . . .     SeeInvis .   I - +3 long sword
rCold    . . .     Gourm    .   i - +0 buckler
rNeg     + + +     Faith    .   V - +6 chain mail of Sin {-Cast rN+++ rCorr Dex-4}
rPois    .         Spirit   .   (helmet restricted)
rElec    .         Reflect  +   C - +0 cloak
rCorr    +         Harm     .   (no gloves)
MR       .....     NoCast   +   c - +0 pair of boots
Stlth    ..........             B - amulet of reflection
HPRegen  0.30/turn              r - ring of flight
MPRegen  0.12/turn              T - ring of stealth

@: no status effects
A: retaliatory headbutt, horns 2
a: Heroism, Finesse, Renounce Religion, Evoke Flight


You were on level 2 of the Lair of Beasts.
You worshipped Okawaru.
Okawaru was extremely pleased with you.
You were not hungry.

You visited 4 branches of the dungeon, and saw 17 of its levels.
You also visited: Ossuary.

You collected 892 gold pieces.
You spent 556 gold pieces at shops.

Inventory:

Hand Weapons
 a - a +1 hand crossbow
 n - a +1 falchion of electrocution
 y - the +2 war axe of Powerful Blind Justice {drain, rElec Int+4 Dex-5}
   (You bought it in a shop on level 9 of the Dungeon)

   A truly terrible weapon, it drains the life of those it strikes.
   It affects your intelligence (+4).
   It affects your dexterity (-5).
   It insulates you from electricity.
 I - a +3 long sword (weapon)
 K - a +0 vampiric spear
 O - a +4 dagger of chaos
 P - a +2 war axe of flaming
Missiles
 d - 181 bolts
 w - 7 boomerangs (quivered)
 x - 9 curare-tipped darts
 A - 45 poisoned darts
 D - 5 boomerangs of dispersal
Armour
 c - a +0 pair of boots (worn)
 i - a +0 buckler (worn)
 u - a +2 leather armour of cold resistance
 C - a +0 cloak (worn)
 Q - a +2 robe of positive energy
 S - +0 acid dragon scales
 U - the +2 leather armour of Vuas {*Drain rF+++ rC++}
   (You bought it in a shop on level 11 of the Dungeon)

   It renders you almost immune to fire.
   It greatly protects you from cold.
   It causes draining when unequipped.
 V - the +6 chain mail of Sin (worn) {-Cast rN+++ rCorr Dex-4}
   (Okawaru gifted it to you on level 1 of the Lair of Beasts)

   It affects your dexterity (-4).
   It renders you almost immune to negative energy.
   It prevents spellcasting.
   It provides partial protection from all sources of acid and corrosion.
 W - a +2 buckler
 X - the +4 scale mail "Edohucki" {Regen+ Int+3 SInv}
   (You took it off a spriggan on level 2 of the Lair of Beasts)

   It affects your intelligence (+3).
   It lets you see invisible.
   It increases your rate of regeneration.
Jewellery
 r - a ring of flight (left hand)
 B - an amulet of reflection (around neck)
 L - an uncursed amulet of magic regeneration
 R - an uncursed ring of protection from cold
 T - a ring of stealth (right hand)
Wands
 s - a wand of iceblast (5)
Scrolls
 b - 6 scrolls of magic mapping
 e - a scroll of teleportation
 k - 2 scrolls of fog
 l - 6 scrolls of enchant weapon
 m - 10 scrolls of remove curse
 o - 3 scrolls of immolation
 q - 3 scrolls of enchant armour
 z - a scroll of summoning {unknown}
 H - a scroll of blinking {unknown}
 M - a scroll of fear {unknown}
 N - 2 scrolls of amnesia
Potions
 g - a potion of stabbing {unknown}
 h - a potion of berserk rage
 j - a potion of haste
 t - a potion of flight {unknown}
 v - 10 potions of curing
 E - a potion of heal wounds {unknown}
 F - a potion of might
 G - 2 potions of cancellation
 J - 2 potions of brilliance
Comestibles
 f - 28 rations
 p - 10 chunks of flesh


   Skills:
 * Level 16.4 Fighting
 + Level 0.4(4.3) Short Blades
 + Level 7.7 Long Blades
 + Level 2.7 Axes
 + Level 11.0 Crossbows
 + Level 0.7 Throwing
 * Level 9.5 Armour
 + Level 6.0 Dodging
 - Level 1.5 Stealth
 * Level 9.0 Shields


You had 6 spell levels left.
You knew the following spells:

 Your Spells              Type           Power        Failure   Level  Hunger
a - Blink                 Tloc           N/A          99%         2    ###....
b - Slow                  Hex            #.......     99%         2    ###....
c - Apportation           Tloc           #.....       98%         1    ##.....

Your spell library contained the following spells:

 Spells                   Type           Power        Failure   Level  Hunger
 Animate Skeleton         Necr           N/A          98%         1    ##.....
 Corona                   Hex            #......      98%         1    ##.....
 Freeze                   Ice            #...         98%         1    ##.....
 Magic Dart               Conj           #...         98%         1    ##.....
 Summon Small Mammal      Summ           #...         98%         1    ##.....
 Call Imp                 Summ           #.......     99%         2    ###....
 Ensorcelled Hibernation  Hex/Ice        #.....       99%         2    ###....
 Searing Ray              Conj           #.....       99%         2    ###....
 Confusing Touch          Hex            #.......     100%        3    ####...
 Conjure Flame            Conj/Fire      #.......     100%        3    ####...
 Dazzling Flash           Conj/Hex       #.....       100%        3    ####...
 Frozen Ramparts          Ice            #.....       100%        3    ####...
 Gell's Gravitas          Tloc           #.........   100%        3    ####...
 Mephitic Cloud           Conj/Pois/Air  #.......     100%        3    ####...
 Ozocubu's Armour         Chrm/Ice       #.......     100%        3    ####...
 Static Discharge         Conj/Air       #.......     100%        3    ####...
 Tukima's Dance           Hex            #.......     100%        3    ####...
 Fulminant Prism          Conj/Hex       #.........   100%        4    #####..
 Hailstorm                Conj/Ice       #.......     100%        4    #####..
 Iskenderun's Mystic Bla  Conj/Tloc      #.......     100%        4    #####..
 Leda's Liquefaction      Hex/Erth       #.........   100%        4    #####..
 Petrify                  Tmut/Erth      #.......     100%        4    #####..
 Summon Ice Beast         Ice/Summ       #.......     100%        4    #####..
 Bolt of Magma            Conj/Fire/Erth #.........   100%        5    ######.
 Lightning Bolt           Conj/Air       #.........   100%        5    ######.
 Metabolic Englaciation   Hex/Ice        #.........   100%        5    ######.
 Yara's Violent Unravell  Hex/Tmut       #.........   100%        5    ######.
 Iron Shot                Conj/Erth      #.........   100%        6    #######
 Statue Form              Tmut/Erth      #........    100%        6    #######
 Ignition                 Fire           #.........   100%        8    #######
 Shatter                  Erth           #.........   100%        9    #######
 Tornado                  Air            #.........   100%        9    #######


Dungeon Overview and Level Annotations

Branches:
Dungeon (12/15)            Temple (1/1) D:7            Lair (3/6) D:8
 Shoals (0/4) Lair:2          Orc (1/2) D:10        Ossuary (visited)
  Snake: Lair:2-4    Spider: Lair:2-4

Altars:
Ashenzari
Cheibriados
Dithmenos
Elyvilon
Fedhas
Gozag
Hepliaklqana
Kikubaaqudgha
Makhleb
Nemelex Xobeh
Okawaru
Qazlal
Ru
Sif Muna
Trog
Uskayaw
Vehumet
Wu Jian
Xom
Yredelemnul
Zin
The Shining One

Shops:
D:9 (   D:11 [


Innate Abilities, Weirdness & Mutations

You reflexively headbutt those who attack you in melee.
You have a pair of horns on your head.


Message History

You hit the spiny frog.
The spiny frog is heavily wounded.
You block the spiny frog's attack.
You slash the spiny frog!
The spiny frog is severely wounded.
You block the spiny frog's attack.
You closely miss the spiny frog.
The spiny frog is severely wounded.
The spiny frog stings you but does no damage.
You hit the spiny frog.
The spiny frog is severely wounded.
You block the spiny frog's attack.
The spiny frog stings you but does no damage.
You slash the spiny frog!
The spiny frog is almost dead.
The spiny frog stings you but does no damage.
You closely miss the spiny frog.
The spiny frog is almost dead.
The spiny frog stings you!
You die...

....###..........##.....#...^....
#...#............##...........#..
..........##.....#...............
.....##...##.....................
....##....#......##.....#####.##.
.P.##.#...#.............####.#...
...# #...†.###.####..............
.#.###.....#..#.##...............
....†...........@FF..............
#.#†###.#P####..##t#.#.##P#.#####
#..## #.### ################ #
#### ###


You could see 2 spiny frogs and a crocodile.

Vanquished Creatures
  A two-headed ogre (D:8)
  Nergalle (Lair:1)
  An unseen horror (D:11)
  A manticore (D:11)
  Psyche (D:10)
  The ghost of farkougg the Slasher, a novice DsGl (D:4)
  A spiny frog (Lair:1)
  2 komodo dragons
  A troll (D:11)
  A hornet (Lair:2)
  The ghost of pupurumpum the Vandal, an amateur HaHu of Elyvilon (D:4)
  3 blink frogs (Lair:1)
  8 hippogriffs
  A spriggan (Lair:2)
  A wyvern (D:12)
  A basilisk (Lair:1)
  A hungry ghost (D:12)
  The ghost of Quickbrownfox the Stinger, an amateur DrVM of Okawaru (D:4)
  Menkaure (D:4)
  3 water moccasins
  2 acid dragons
  A porcupine (Lair:1)
  4 orc warriors
  10 sky beasts
  9 ice beasts
  A necrophage (D:9)
  A phantom (D:5)
  3 black bears
  4 ogres
  25 wolves
  8 centaurs
  3 crocodiles
  3 big kobolds
  11 bullfrogs
  A wyvern zombie (D:7)
  A gnoll sergeant (D:6)
  7 scorpions
  5 wights
  3 killer bees
  3 electric eels (D:11)
  A bullfrog zombie (D:5)
  2 howler monkeys
  3 centaur zombies
  10 crimson imps
  A quasit (D:10)
  7 hounds
  2 bullfrog skeletons
  A centaur skeleton (D:5)
  Crazy Yiuf (D:4)
  2 human zombies (Ossuary)
  7 orc priests
  5 jellies
  Jessica (D:3)
  2 iguanas
  7 orc wizards
  4 worker ants
  7 hell rats (Lair:2)
  A big kobold zombie (Ossuary)
  2 mummies (Ossuary)
  15 adders
  7 gnolls
  3 shadow imps
  5 oozes (D:9)
  4 adder zombies
  3 worms
  10 leopard geckos
  52 orcs
  3 bats
  8 giant cockroaches
  6 goblins
  4 hobgoblins
  8 jackals
  15 kobolds
  7 quokkas
  A ball python (D:8)
  3 frilled lizards
  11 hobgoblin zombies (Ossuary)
  A jackal skeleton (D:7)
  3 jackal zombies
  8 kobold zombies (Ossuary)
  8 orc zombies (Ossuary)
  10 rats
  2 rat zombies (Ossuary)
  4 plants
404 creatures vanquished.

Vanquished Creatures (others)
  4 fungi
  2 plants
  3 withered plants (D:4)
9 creatures vanquished.

Grand Total: 413 creatures vanquished

Notes
Turn   | Place    | Note
-------+----------+-------------------------------------------
     0 | D:1      | Elvor the Minotaur Hunter began the quest for the Orb.
     0 | D:1      | Reached XP level 1. HP: 18/18 MP: 0/0
   137 | D:1      | Reached XP level 2. HP: 25/25 MP: 1/1
   324 | D:1      | Reached skill level 5 in Crossbows
   537 | D:2      | Reached skill level 3 in Fighting
   537 | D:2      | Reached XP level 3. HP: 31/31 MP: 2/2
   578 | D:2      | Found an iron altar of Okawaru.
   614 | D:2      | Became a worshipper of Warmaster Okawaru
   961 | D:2      | Reached XP level 4. HP: 34/38 MP: 3/3
  1624 | D:3      | Reached skill level 1 in Armour
  1716 | D:3      | Reached XP level 5. HP: 46/46 MP: 4/4
  1717 | D:3      | Noticed Jessica
  1722 | D:3      | Killed Jessica
  1722 | D:3      | Reached skill level 1 in Stealth
  2167 | D:3      | Reached skill level 4 in Fighting
  2169 | D:3      | Reached * piety under Okawaru
  2169 | D:3      | Reached XP level 6. HP: 52/52 MP: 5/5
  2400 | D:4      | Found a runed translucent door.
  2401 | D:4      | Noticed Crazy Yiuf
  2446 | D:4      | Found a runed translucent gate.
  2446 | D:4      | Found a runed translucent gate.
  2446 | D:4      | Found a runed translucent gate.
  2446 | D:4      | Noticed pupurumpum's ghost (amateur HaHu)
  2446 | D:4      | Noticed farkougg's ghost (novice DsGl)
  2447 | D:4      | Noticed Quickbrownfox's ghost (amateur DrVM)
  2627 | D:4      | Noticed a sky beast
  2647 | D:4      | Killed a sky beast
  2647 | D:4      | Reached skill level 1 in Shields
  2777 | D:4      | Noticed Menkaure
  2783 | D:4      | Killed Menkaure
  2783 | D:4      | Reached XP level 7. HP: 60/60 MP: 6/6
  2968 | D:4      | You fall into a shaft and drop 3 floors!
  2972 | D:7      | Reached ** piety under Okawaru
  3069 | D:7      | Reached skill level 5 in Fighting
  3092 | D:7      | Reached skill level 1 in Long Blades
  3170 | D:5      | Entered Level 5 of the Dungeon
  3187 | D:5      | Reached XP level 8. HP: 44/70 MP: 7/7
  3219 | D:5      | Noticed a hippogriff
  3230 | D:5      | Killed a hippogriff
  3323 | D:5      | Reached skill level 6 in Fighting
  3423 | D:5      | Reached *** piety under Okawaru
  3438 | D:5      | Found a sand-covered staircase.
  3444 | Ossuary  | Entered an ossuary
  4047 | D:4      | Killed Crazy Yiuf
  4330 | D:5      | Reached skill level 7 in Fighting
  4466 | D:6      | Reached skill level 5 in Armour
  4480 | D:6      | Found a stormy altar of Qazlal.
  4480 | D:6      | Noticed an air elemental
  4605 | D:6      | Reached XP level 9. HP: 79/79 MP: 8/8
  4780 | D:6      | Received a gift from Okawaru
  5000 | D:6      | Reached skill level 8 in Fighting
  5642 | D:7      | Reached **** piety under Okawaru
  5807 | D:7      | Found a blossoming altar of Fedhas.
  5823 | D:7      | Found a staircase to the Ecumenical Temple.
  5830 | D:7      | Reached skill level 9 in Fighting
  5849 | D:7      | Received a gift from Okawaru
  5849 | D:7      | Reached skill level 5 in Shields
  5937 | Temple   | Entered the Ecumenical Temple
  6521 | D:8      | Reached skill level 10 in Fighting
  6721 | D:8      | Reached skill level 10 in Crossbows
  6749 | D:8      | Found a shimmering blue altar of Sif Muna.
  6890 | D:8      | Received a gift from Okawaru
  7005 | D:8      | Noticed a two-headed ogre
  7050 | D:8      | Killed a two-headed ogre
  7050 | D:8      | Reached skill level 11 in Fighting
  7050 | D:8      | Reached XP level 10. HP: 95/95 MP: 9/9
  7090 | D:8      | Found a staircase to the Lair.
  7734 | D:8      | Learned a level 2 spell: Blink
  7737 | D:8      | Learned a level 2 spell: Slow
  7921 | D:4      | Killed farkougg's ghost
  7921 | D:4      | Reached ***** piety under Okawaru
  7921 | D:4      | Reached skill level 5 in Long Blades
  7931 | D:4      | Killed pupurumpum's ghost
  7931 | D:4      | Received a gift from Okawaru
  7931 | D:4      | Reached skill level 12 in Fighting
  7937 | D:4      | Killed Quickbrownfox's ghost
  8257 | D:9      | Found Apulimp's Antique Weapon Shop.
  8265 | D:9      | Bought a shimmering war axe for 297 gold pieces
  8265 | D:9      | Identified the +2 war axe of Powerful Blind Justice {drain,
                  | rElec Int+4 Dex-5} (You bought it in a shop on level 9 of
                  | the Dungeon)
  8605 | D:9      | Reached skill level 13 in Fighting
  8729 | D:9      | Learned a level 1 spell: Apportation
  8782 | D:10     | Entered Level 10 of the Dungeon
  9063 | D:10     | Noticed Psyche
  9068 | D:10     | Killed Psyche
  9068 | D:10     | Received a gift from Okawaru
  9130 | D:10     | Reached XP level 11. HP: 107/107 MP: 10/10
  9258 | D:10     | Found a staircase to the Orcish Mines.
  9481 | Orc:1    | Entered Level 1 of the Orcish Mines
  9720 | D:11     | Reached skill level 14 in Fighting
  9880 | D:11     | Found Urala's Antique Armour Emporium.
  9891 | D:11     | Bought a spiked leather armour for 259 gold pieces
  9901 | D:11     | Identified the +2 leather armour of Vuas {*Drain rF+++
                  | rC++} (You bought it in a shop on level 11 of the Dungeon)
 10111 | D:11     | HP: 5/111 [something (7)]
 11194 | D:11     | Received a gift from Okawaru
 11254 | D:11     | Reached skill level 5 in Dodging
 11271 | D:11     | Killed an unseen horror
 11832 | D:11     | Reached skill level 15 in Fighting
 11838 | D:11     | Received a gift from Okawaru
 12460 | Lair:1   | Entered Level 1 of the Lair of Beasts
 12512 | Lair:1   | Received a gift from Okawaru
 12513 | Lair:1   | Got a masterwork chain mail {god gift}
 12527 | Lair:1   | Identified the +6 chain mail of Sin {-Cast rN+++ rCorr
                  | Dex-4} (Okawaru gifted it to you on level 1 of the Lair of
                  | Beasts)
 13204 | Lair:1   | Noticed Nergalle
 13232 | Lair:1   | Killed Nergalle
 13300 | Lair:1   | Reached skill level 16 in Fighting
 13629 | Lair:1   | Reached skill level 1 in Axes
 13856 | Lair:2   | Noticed a spriggan rider
 13861 | Lair:1   | Reached XP level 12. HP: 95/122 MP: 11/11
 14406 | Lair:2   | Reached ****** piety under Okawaru
 14879 | Lair:2   | Found a staircase to the Shoals.
 14952 | Lair:2   | Identified the +4 scale mail "Edohucki" {Regen+ Int+3 SInv}
 15008 | Lair:2   | You fall into a shaft and drop 1 floor!
 15008 | Lair:3   | Noticed an eight-headed hydra
 15064 | Lair:2   | HP: 5/124 [spiny frog (13)]
 15073 | Lair:2   | Slain by a spiny frog

Illustrated notes

Levels and vault maps discovered:
D:1:      nzn_arrival_settlement, layout_rooms, minmay_pentomino_x2
D:2:      layout_loops_corners, okawaru_ov_weapons_minmay
D:3:      kennysheep_big_flooded_room, layout_basic, kennysheep_generic_room_16,
          uniq_jessica
D:4:      layout_loops_cross, gammafunk_ghost_cemetery, first_ration,
          uniq_menkaure, uniq_crazy_yiuf_cottage
D:5:      layout_basic, nicolae_ossuary_entry_plus, serial_glass,
          glass_columns_a, glass_columns_b, glass_columns_b, glass_columns_a,
          kennysheep_path_1, minmay_manual_maat
D:6:      layout_gridville, nicolae_qazlal_style_of_elements
D:7:      layout_basic, minmay_temple_entry_butterflies,
          hangedman_decor_clover_reticule, fedhas_altar_1
D:8:      layout_loops_corners, overflow_temple_1_default, david_lair_shrubbed
D:9:      layout_cave_pools, serial_shops, nicolae_shop_waterfront,
          hangedman_little_slice_of_home
D:10:     layout_long_grid, uniq_psyche
D:11:     minmay_twisted_water, layout_basic, serial_shops, shop
D:12:     layout_loops_ring, serial_glass, glass_columns_b, glass_columns_a,
          glass_columns_a, glass_columns_a, glass_columns_a, glass_columns_b,
          glass_columns_c, glass_columns_a, glass_columns_c, glass_columns_a,
          minmay_mirror_moons_of_madness
Temple:   compressed_dpeg_triangle_lava_temple
Lair:1:   layout_loops_ring, uniq_nergalle
Lair:2:   layout_regular_city, minmay_shoals_entry_centaurs,
          grunt_forest_large_clearings, lemuel_fruit_fields, grunt_megastairs_2
Lair:3:   layout_cave_shapes
Orc:1:    layout_diamond_mine

Skill      XL: |  1  2  3  4  5  6  7  8  9 10 11 12 |
---------------+-------------------------------------+-----
Crossbows      | 5 6 7 8 10 11 | 11.0
Fighting       | 3 4 5 7 11 13 16 | 16.4
Armour         | 1 3 5 6 8 9 |  9.5
Stealth        | 1 |  1.5
Shields        | 1 2 4 6 7 8 9 |  9.0
Dodging        | 3 4 5 6 |  6.0
Long Blades    | 1 3 4 6 7 |  7.7
Axes           | 1 2 |  2.7
Short Blades   | |  0.4
Throwing       | |  0.7

Action                   |  1- 3 |  4- 6 |  7- 9 | 10-12 || total
-------------------------+-------+-------+-------+-------++-------
Melee: Short sword       |     4 |       |       |       ||     4
       Falchion          |     9 |    24 |   210 |   124 ||   367
       Headbutt          |     2 |     2 |    47 |    85 ||   136
       Long sword        |       |       |       |   262 ||   262
       War axe           |       |       |       |    66 ||    66
       Dagger            |       |       |       |    17 ||    17
       Spear             |       |       |       |     7 ||     7
 Fire: Hand crossbow     |    50 |   109 |   283 |   366 ||   808
Throw: Boomerang         |       |       |     2 |     8 ||    10
  Use: Scroll            |       |       |     8 |    14 ||    22
       Potion            |       |       |     2 |     9 ||    11
  Eat: Chunk             |       |     6 |    10 |    11 ||    27
       Ration            |       |       |     1 |     5 ||     6
Armor: Leather armour    |     1 |    16 |    63 |    86 ||   166
       Plate armour      |       |       |    43 |   107 ||   150
       Chain mail        |       |       |       |   236 ||   236
Dodge: Dodged            |    13 |    20 |   151 |   304 ||   488
Block: Buckler           |     2 |     4 |    49 |   287 ||   342
       Reflection        |       |       |       |    10 ||    10
       Rpst.: Falchion   |     2 |     1 |    34 |    13 ||    50
       Long sword        |       |       |       |    19 ||    19
